 Dungeon Crawl Stone Soup version 0.27.0-1-g7a089689b8 (webtiles) character file.

Game seed: 4996733327123241028

15 kobby the Vexing (level 2, 0/25 HPs)
             Began as a Naga Arcane Marksman on Aug 13, 2021.
             Slain by a rat (2 damage)
             ... on level 1 of the Dungeon.
             The game lasted 00:01:52 (615 turns).

kobby the Vexing (Naga Arcane Marksman)              Turns: 615, Time: 00:01:52

Health: 0/25       AC:  1    Str: 12    XL:     2   Next: 50%
Magic:  3/3        EV: 10    Int: 13    God:
Gold:   12         SH:  0    Dex: 11    Spells: 2/3 levels left

rFire    . . .     SeeInvis +   a - +0 shortbow
rCold    . . .     Faith    .   (shield currently unavailable)
rNeg     . . .     Spirit   .   d - +0 robe
rPois    +         Reflect  .   (no helmet)
rElec    .         Harm     .   (no cloak)
rCorr    .         Rampage  .   (no gloves)
Will     .....                  (no barding)
Stlth    +.........             (no amulet)
HPRegen  0.08/turn              (no ring)
MPRegen  0.08/turn              (no ring)

@: very slow
A: AC +0, large, see invisible, deformed body, poison resistance, slowness 2,
spit poison 1, naga tail 1
a: Spit Poison


You were on level 1 of the Dungeon.
You visited 1 branch of the dungeon, and saw 1 of its levels.

You collected 12 gold pieces.

Inventory:

Hand Weapons
 a - a +0 shortbow (weapon)
Armour
 d - a +0 robe (worn)


   Skills:
 + Level 1.0 Fighting
 + Level 2.3 Bows
 + Level 1.7 Dodging
 + Level 1.0 Spellcasting
 + Level 3.2 Hexes


You had 2 spell levels left.
You knew the following spells:

 Your Spells              Type           Power      Damage    Failure   Level
a - Corona                Hex            10%        N/A       8%          1

Your spell library contained the following spells:

 Spells                   Type           Power      Damage    Failure   Level
 Slow                     Hex            9%         N/A       11%         2
 Inner Flame              Hex/Fire       4%         N/A       41%         3
 Portal Projectile        Hex/Tloc       8%         N/A       41%         3
 Cause Fear               Hex            4%         N/A       58%         4


Dungeon Overview and Level Annotations

Branches:
Dungeon (1/15)

Altars:


Innate Abilities, Weirdness & Mutations

Your serpentine skin is tough. (AC +0)
You have supernaturally acute eyesight. (SInv)
Armour fits poorly on your strangely shaped body.
Your system is resistant to poisons. (rPois)
You cover ground very slowly.
You can spit poison.
You have a snake-like lower body.


Message History

The rat is moderately wounded.
The rat completely misses you.
You clumsily bash the rat but do no damage.
The rat is moderately wounded.
The rat closely misses you. The rat bites you but does no damage.
You closely miss the rat.
The rat is moderately wounded.
The rat bites you but does no damage.
You clumsily bash the rat but do no damage.
The rat is moderately wounded.
The rat bites you. The rat barely misses you.
You clumsily bash the rat but do no damage.
The rat is moderately wounded.
The rat bites you.
* * * LOW HITPOINT WARNING * * *
You clumsily bash the rat but do no damage.
The rat is moderately wounded.
The rat closely misses you. The rat bites you.
* * * LOW HITPOINT WARNING * * *
You closely miss the rat.
The rat is moderately wounded.
The rat barely misses you.
You barely miss the rat.
The rat is moderately wounded.
The rat barely misses you. The rat bites you.
* * * LOW HITPOINT WARNING * * *
You closely miss the rat.
The rat is moderately wounded.
The rat closely misses you.
You clumsily bash the rat but do no damage.
The rat is moderately wounded.
The rat barely misses you. x2
You clumsily bash the rat but do no damage.
The rat is moderately wounded.
The rat bites you.
* * * LOW HITPOINT WARNING * * *
You clumsily bash the rat but do no damage.
The rat is moderately wounded.
The rat bites you but does no damage. The rat bites you.
You die...

######### .#
......... #.##
########### ...
......... ..
###############.#
.............#.#
##############...#
#...........##...#
#.#########÷.@r..#
##### # #.#
##.....####...# (.#
#.# #.......##.#.#
.# #.#
#.....[..#.#.##..##
#.#
#...÷....>.........
#.#
#)#.#.#......##(...
#.#
#.......##.....#...
# #.#
#..#.#.#...#..#(....
# #.#
#..........##..(...(


You could see a rat.

Vanquished Creatures
  A dart slug (D:1)
  2 ball pythons (D:1)
  A giant cockroach (D:1)
  4 jackals (D:1)
  A bat (D:1)
  A frilled lizard (D:1)
  A kobold (D:1)
  A rat (D:1)
12 creatures vanquished.

Notes
Turn   | Place    | Note
-------+----------+-------------------------------------------
     0 | D:1      | kobby the Naga Arcane Marksman began the quest for the Orb.
     0 | D:1      | Reached XP level 1. HP: 18/18 MP: 2/2
   300 | D:1      | Found a faded altar of an unknown god.
   429 | D:1      | Reached XP level 2. HP: 19/25 MP: 3/3
   615 | D:1      | Slain by a rat

Illustrated notes

Levels and vault maps discovered:
D:1:      minmay_arrival_four_houses, layout_rooms, serial_co_window_serial,
          co_window_corner_a, co_window_paths_a, co_window_paths_a,
          co_window_paths_a, co_window_paths_a, co_window_unsneaky_path_d,
          co_window_broadway_b, co_window_2corner, co_window_of_opportunity_c,
          co_window_sun, co_window_paths_d, glass_columns_c, glass_columns_c,
          glass_columns_a, glass_columns_b, glass_columns_c,
          chequers_ecumenical_altar_simple

Skill      XL: |  1 |
---------------+----+-----
Bows           | 2 |  2.3
Fighting       | |  1.0
Dodging        | |  1.7
Spellcasting   | |  1.0
Hexes          | |  3.2

Action                   || total
-------------------------++-------
Melee: Shortbow          ||    21
 Fire: Shortbow          ||    48
 Abil: Spit Poison       ||     1
  Use: Scroll            ||     1
Armor: Robe              ||    15
Dodge: Dodged            ||    29
